 Dungeon Crawl Stone Soup version 0.27-a0-920-gb2bd10914a (webtiles) character file.

Game seed: 206629163198284943

1519 robertstho the Magician (level 8, -12/56 HPs)
             Began as a Djinni Ice Elementalist on Apr 9, 2021.
             Was a Follower of Makhleb.
             Mangled by an ice beast (13 damage)
             ... on level 6 of the Dungeon.
             The game lasted 00:09:57 (8424 turns).

robertstho the Magician (Djinni Ice Elementalist)   Turns: 8424, Time: 00:09:58

Health: -12/56     AC:  4    Str:  6 (7)  XL:     8   Next: 84%
Gold:   224        EV: 12    Int: 18 (19) God:    Makhleb [*.....] SH:  0 Dex: 12 (14)

rFire    + + .     SeeInvis +   t - +2 short sword (venom)
rCold    x . .     Faith    .   (no shield)
rNeg     . . .     Spirit   .   r - +1 animal skin
rPois    ∞         Reflect  .   s - +0 helmet
rElec    .         Harm     .   (no cloak)
rCorr    .         Rampage  .   (no gloves)
Will     .....                  (boots unavailable)
Stlth    ++........             (no amulet)
HPRegen  0.18/turn              j - ring of see invisible
MPRegen  0.00/turn              (no ring)

@: freezing walls, flying
A: fire resistance 2, cold vulnerability 1, float, innate caster, hp casting,
extra vitality 1
a: Renounce Religion


You were on level 6 of the Dungeon.
You worshipped Makhleb.
Makhleb was aware of your devotion.
You visited 2 branches of the dungeon, and saw 7 of its levels.

You collected 224 gold pieces.

Inventory:

Hand Weapons
 t - a +2 short sword of venom (weapon)
Missiles
 h - 8 atropa-tipped darts
Armour
 r - a +1 animal skin (worn)
 s - a +0 helmet (worn)
Jewellery
 j - a ring of see invisible (left hand)
Wands
 a - a wand of digging (6)
 v - a wand of random effects (22)
Scrolls
 c - a scroll of torment {unknown}
 e - 4 scrolls of teleportation {unknown}
 i - a scroll of enchant armour {unknown}
 k - a scroll of magic mapping {unknown}
 l - 4 scrolls of fog
 m - a scroll of silence
 q - a scroll of summoning
 u - a scroll of identify
Potions
 b - a potion of resistance {unknown}
 f - a potion of heal wounds {unknown}
 g - 4 potions of flight
 n - a potion of haste {unknown}
 o - a potion of attraction {unknown}
 p - a potion of degeneration


   Skills:
 * Level 3.5 Fighting
 + Level 2.5 Short Blades
 + Level 3.2 Dodging
 + Level 3.2 Stealth
 * Level 7.7 Spellcasting
 * Level 2.8 Invocations


You had one spell level left.
You knew the following spells:

 Your Spells              Type           Power      Damage    Failure   Level
a - Freeze                Ice            100%       1d11      1%          1
b - Frozen Ramparts       Ice            68%        1d8       1%          3
c - Ozocubu's Armour      Ice            34%        N/A       1%          3
d - Hailstorm             Conj/Ice       34%        3d9       4%          4
e - Summon Ice Beast      Ice/Summ       34%        N/A       4%          4
f - Foxfire               Conj/Fire      100%       2x1d9     1%          1
g - Passwall              Tmut/Erth      28%        N/A       1%          2
h - Stone Arrow           Conj/Erth      68%        3d11      1%          3
Your spell library was empty.

Dungeon Overview and Level Annotations

Branches:
Dungeon (6/15)             Temple (1/1) D:4

Altars:
Ashenzari
Cheibriados
Dithmenos
Elyvilon
Fedhas
Gozag
Hepliaklqana
Kikubaaqudgha
Makhleb
Nemelex Xobeh
Okawaru
Qazlal
Sif Muna
Trog
Uskayaw
Vehumet
Wu Jian
Xom
Zin
The Shining One

Shops:
D:2 [   D:5 :


Innate Abilities, Weirdness & Mutations

You are immune to poison.
Your flesh is very heat resistant. (rF++)
You are vulnerable to cold. (rC-)
You float through the air rather than walking.
You learn spells naturally, not from books.
Your magical power is your life essence.
You have superior vitality. (+4 HP)


Message History

Confirm with . or Enter, or press ? or * to list all spells.
Casting: Frozen Ramparts (safe; 1% risk of failure)
Press: ? - help, Dir - look around, f - activate The walls around you are covered in ice.
* * * LOW HITPOINT WARNING * * *
The wall freezes the adder.
The adder seems to slow down.
The ice beast completely resists.
The wall freezes the ice beast but does no damage.
Your ice beast hits the ice beast but does no damage.
The wall freezes the adder!
You kill the adder!
Makhleb accepts your kill.
The ice beast completely resists.
The wall freezes the ice beast but does no damage.
The ice beast misses you.
You feel better.
Your ice beast hits the ice beast but does no damage.
The ice beast completely resists.
The wall freezes the ice beast but does no damage.
The ice beast hits you.
* * * LOW HITPOINT WARNING * * *
The ice beast freezes you!
You feel a terrible chill!
* * * LOW HITPOINT WARNING * * *
It was a potion of flight.
You feel more buoyant.
Your ice beast closely misses the ice beast.
The ice beast completely resists.
The wall freezes the ice beast but does no damage.
The ice beast barely misses you.
It was a potion of degeneration.
There was something very wrong with that liquid.
You feel weakened.
You feel dopey.
You feel clumsy.
Your ice beast hits the ice beast.
Your ice beast freezes the ice beast.
The ice beast completely resists.
Your ice beast hits the ice beast.
Your ice beast freezes the ice beast.
The ice beast completely resists. x2
The wall freezes the ice beast but does no damage.
The ice beast hits you.
* * * LOW HITPOINT WARNING * * *
The ice beast freezes you!
You feel a terrible chill!
You die...

#. #. #. #... #.# ....
. .. ..... ....####.##
....# #.###......#
....###.#... #@##
......#...# #YY#
....#...## ##Y#
.....o...# #Y#
....Y..#.# ######o#####
.....ZY#.# #....§.....#
######...###.Y........#
#.#..##.Y........#
####.o.Y.........#


You could see an ice beast (ally target), an orc and 3 friendly ice beasts.

Vanquished Creatures
  2 water moccasins
  2 orc warriors (D:4)
  A sky beast (D:6)
  3 scorpions
  A howler monkey (D:4)
  A jelly (D:5)
  An orc priest (D:5)
  2 hounds
  A centaur skeleton (D:5)
  An iguana (D:5)
  6 orc wizards
  Robin (D:2)
  5 adders
  An adder skeleton (D:4)
  4 dart slugs
  15 orcs
  10 endoplasms
  2 giant cockroaches
  4 hobgoblins (D:2)
  6 jackals
  2 quokkas
  9 ball pythons
  3 bats
  2 frilled lizards (D:1)
  17 goblins
  5 kobolds
  4 rats
111 creatures vanquished.

Vanquished Creatures (collateral kills)
  Sigmund (D:3)
  A steam dragon (D:6)
  2 necrophages
  A centaur skeleton (D:5)
  A bullfrog skeleton (D:6)
  Ijyb (D:4)
  An adder (D:5)
  An orc (D:5)
9 creatures vanquished.

Grand Total: 120 creatures vanquished

Notes
Turn   | Place    | Note
-------+----------+-------------------------------------------
     0 | D:1      | robertstho the Djinni Ice Elementalist began the quest for
                  | the Orb.
     0 | D:1      | Reached XP level 1. HP: 15/15 MP: 0/0
   367 | D:1      | Reached XP level 2. HP: 11/22 MP: 0/0
   910 | D:1      | Reached skill level 4 in Spellcasting
  1074 | D:1      | Found a faded altar of an unknown god.
  1790 | D:1      | Reached XP level 3. HP: 21/26 MP: 0/0
  1790 | D:1      | Learned a level 1 spell: Foxfire
  1975 | D:2      | Noticed Robin
  1982 | D:2      | Killed Robin
  1998 | D:2      | Reached skill level 1 in Fighting
  2196 | D:2      | Reached XP level 4. HP: 29/32 MP: 0/0
  2774 | D:2      | Noticed a necrophage
  2796 | D:2      | Killed a necrophage
  2797 | D:2      | Reached XP level 5. HP: 14/37 MP: 0/0
  2797 | D:2      | Learned a level 2 spell: Passwall
  3006 | D:2      | Found Dyresyif's Antique Armour Shoppe.
  3710 | D:3      | Noticed Sigmund
  3719 | D:3      | Killed Sigmund
  3720 | D:3      | Reached skill level 5 in Spellcasting
  3798 | D:3      | Found a snail-covered altar of Cheibriados.
  3822 | D:3      | Reached XP level 6. HP: 39/42 MP: 0/0
  3919 | D:3      | Found a burning altar of Makhleb.
  3966 | D:3      | Found a shadowy altar of Dithmenos.
  4453 | D:3      | Found a glowing golden altar of the Shining One.
  4988 | D:4      | Noticed Ijyb
  4999 | D:4      | Killed Ijyb
  5102 | D:4      | Found a staircase to the Ecumenical Temple.
  5118 | Temple   | Entered the Ecumenical Temple
  5283 | D:3      | Became a worshipper of Makhleb the Destroyer
  5442 | D:4      | Noticed an orc warrior
  5448 | D:4      | Reached skill level 1 in Short Blades
  5449 | D:4      | Killed an orc warrior
  5450 | D:4      | Reached XP level 7. HP: 24/49 MP: 0/0
  5450 | D:4      | Learned a level 3 spell: Stone Arrow
  5451 | D:4      | Reached skill level 6 in Spellcasting
  5451 | D:4      | Reached skill level 1 in Invocations
  6533 | D:5      | Entered Level 5 of the Dungeon
  6552 | D:5      | Reached XP level 8. HP: 25/55 MP: 0/0
  6757 | D:5      | Found Waedosuph's Book Emporium.
  6996 | D:5      | Reached skill level 7 in Spellcasting
  7117 | D:5      | Reached * piety under Makhleb
  8422 | D:6      | HP: 2/56 [ice beast (10)]
  8424 | D:6      | Mangled by an ice beast

Illustrated notes

Levels and vault maps discovered:
D:1:      amcnicky_arrival_double_pillar, layout_basic, basic_ecumenical_altar
D:2:      minmay_door_path, layout_basic, serial_rivers,
          chequers_serial_rivers_room_a, chequers_serial_rivers_micro_c,
          chequers_serial_rivers_room_b, chequers_serial_rivers_micro_d,
          chequers_serial_rivers_large_a, chequers_serial_rivers_micro_b,
          serial_shops, shop_statue, minivault_4, uniq_robin
D:3:      layout_loops_ring, nicolae_overflow_quartered_altars,
          corexii_hall_statues_i, grunt_decor_clamped, kennysheep_minor_cross,
          small_statue_intersection, uniq_sigmund
D:4:      layout_layer_cave, minmay_temple_entry_mini_moons, uniq_ijyb
D:5:      layout_layer_cave, serial_shops, nicolae_shop_trees
D:6:      nicolae_whirlpool, layout_rooms, dk_yredelemnul_ordeal,
          gammafunk_ghost_abyssal_escape
Temple:   minmay_temple_bridge_d

Skill      XL: |  1  2  3  4  5  6  7  8 |
---------------+-------------------------+-----
Spellcasting   | 4 5 6 7 |  7.7
Fighting       | 1 2 3 |  3.5
Stealth        | 2 3 |  3.2
Short Blades   | 1 2 |  2.5
Invocations    | 1 2 |  2.8
Dodging        | 3 |  3.2

Action                   |  1- 3 |  4- 6 |  7- 9 || total
-------------------------+-------+-------+-------++-------
Melee: Dagger            |    35 |    71 |    23 ||   129
       Unarmed           |     4 |       |       ||     4
       Short sword       |       |       |    44 ||    44
 Cast: Freeze            |    25 |    11 |     9 ||    45
       Frozen Ramparts   |     5 |    10 |    17 ||    32
       Summon Ice Beast  |       |     4 |    14 ||    18
       Hailstorm         |       |     2 |     5 ||     7
       Ozocubu's Armour  |       |     1 |       ||     1
  Use: Scroll            |       |     3 |     1 ||     4
       Potion            |       |       |     4 ||     4
 Stab: Sleeping          |     4 |     4 |       ||     8
Armor: Robe              |     6 |    13 |       ||    19
       Animal skin       |       |     2 |    15 ||    17
Dodge: Dodged            |    31 |    45 |    41 ||   117

Table legend: (Time is in decaauts)
 A = Elapsed time spent in this place.
 B = Non-inter-level travel time spent in this place.
 C = Inter-level travel time spent in this place.
 D = Time resting spent in this place.
 E = Time spent auto-exploring this place.
 F = Levels seen in this place.
 G = Mean time per level.
                   A        B        C        D        E       F      G
               +--------+--------+--------+--------+--------+-----+--------+
         Total |   8419 |   8041 |    378 |    714 |   6585 |   7 | 1202.7 |
       Dungeon |   8356 |   7998 |    358 |    714 |   6554 |   6 | 1392.7 |
        Temple |     63 |     43 |     20 |      0 |     31 |   1 |   63.0 |
               +--------+--------+--------+--------+--------+-----+--------+

Top non-repeatable levels by time:
     D:1: 1945 daAuts
     D:5: 1825 daAuts
     D:2: 1779 daAuts
     D:4: 1379 daAuts
     D:3: 1362 daAuts
  Temple: 63 daAuts
     D:6: 63 daAuts
